 Dungeon Crawl Stone Soup version 0.19-a0-939-g86877d0 (webtiles) character file.

89 Arkorax the Skirmisher (level 4, -4/41 HPs)
             Began as a Draconian Fighter on July 8, 2016.
             Slain by a killer bee (6 damage)
             ... on level 3 of the Dungeon.
             The game lasted 00:01:53 (1767 turns).

Arkorax the Skirmisher (Draconian Fighter)          Turns: 1767, Time: 00:01:54

Health: -4/41      AC:  5    Str: 17    XL:     4   Next: 31%
Magic:  4/4        EV: 10    Int:  8    God:
Gold:   76         SH:  9    Dex: 11    Spells: 0 memorised, 3 levels left

rFire  . . .     SeeInvis .     a - +0 war axe
rCold  + . .     Gourm    .     (armour unavailable)
rNeg   . . .     Faith    .     b - +0 shield
rPois  .         Spirit   .     (helmet restricted)
rElec  +         Dismiss  .     (no cloak)
rCorr  .         Reflect  .     (no gloves)
SustAt .         Harm     .     (no boots)
MR     .....                    (no amulet)
Stlth  ..........               n - ring of loudness
                                e - ring of protection from cold

@: lethally poisoned (-4 -> -36), flying, not resistant to hostile enchantments,
extremely unstealthy
A: unfitting armour, talons 1, electricity resistance, weak 1, cold-blooded, AC
+5
a: no special abilities


You were on level 3 of the Dungeon.
You were not hungry.

You visited 1 branch of the dungeon, and saw 3 of its levels.

You collected 76 gold pieces.

Inventory:

Hand Weapons
 a - a +0 war axe (weapon)
Missiles
 k - a throwing net (quivered)
Armour
 b - a +0 shield (worn)
Jewellery
 e - a ring of protection from cold (left hand)
 n - a ring of loudness (right hand)
Scrolls
 f - a scroll of teleportation {unknown}
 j - a scroll of fear {unknown}
 l - a scroll of magic mapping {unknown}
 m - 4 scrolls of identify {unknown}
 o - a scroll of amnesia {unknown}
 p - a scroll of enchant armour {unknown}
Potions
 c - 4 potions of might
 g - a potion of mutation
Comestibles
 d - a bread ration
 h - 3 fruits
 s - a meat ration


   Skills:
 * Level 4.4 Fighting
 * Level 3.1 Axes
 - Level 2.6 Dodging
 + Level 3.6 Shields


You had 3 spell levels left.
You didn't know any spells.

Dungeon Overview and Level Annotations

Branches:
Dungeon (3/15)

Altars:
Dithmenos


Innate Abilities, Weirdness & Mutations

Your plain brown scales are hard. (AC +5)
Your body does not fit into most forms of armour.
You are cold-blooded and may be slowed by cold attacks.
You have sharp toenails.
You are resistant to electric shocks. (rElec)
You are weak. (Str -2)


Message History

You feel sick. You block the killer bee's attack. x2
The killer bee closely misses you. You block the killer bee's attack.
The killer bee stings you but does no damage.
The killer bee closely misses you. You block the killer bee's attack.
The killer bee stings you but does no damage.
The hobgoblin hits you but does no damage.
The killer bee stings you.
* * * LOW HITPOINT WARNING * * *
You are more poisoned.
The killer bee poisons you! The killer bee closely misses you.
It was a potion of flight.
You feel very buoyant.
You fly up into the air.
* * * LOW HITPOINT WARNING * * *
You feel sick. You block the killer bee's attack. The killer bee stings you.
* * * LOW HITPOINT WARNING * * *
You are more poisoned.
The killer bee poisons you! You block the killer bee's attack.
The killer bee stings you.
You die...

#.# #............. .
#..###..†.......... #.
#.....#...#....... .
#.#####.....###......#
..#...........###..#.†..
#......................†
.......##(..........####
#....y.(.....###.#.# #.
##...y@y.....###.#.# #.
#...yyg......##.#.###.
#...?a###.............
#.......# #.......#.###.
#......## #.........###.
....... ####..........
..##... ####(#..#.. ..
.).. #..(.#.. ####...#


You could see a worker ant, 5 killer bees and a hobgoblin.

Vanquished Creatures
  2 adders
  An ooze (D:1)
  A worm (D:2)
  2 dart slugs
  4 giant geckos
  2 orcs (D:3)
  4 bats
  3 giant cockroaches
  9 goblins
  5 hobgoblins
  6 kobolds
  A ball python (D:2)
  4 giant newts
  6 rats
50 creatures vanquished.

Vanquished Creatures (others)
  4 toadstools (D:1)
4 creatures vanquished.

Grand Total: 54 creatures vanquished

Notes
Turn   | Place    | Note
-------+----------+-------------------------------------------
     0 | D:1      | Arkorax the Draconian Fighter began the quest for the Orb.
     0 | D:1      | Reached XP level 1. HP: 19/19 MP: 1/1
    88 | D:1      | Reached XP level 2. HP: 11/27 MP: 2/2
   370 | D:1      | Reached XP level 3. HP: 33/33 MP: 3/3
   592 | D:2      | Reached skill level 4 in Fighting
   874 | D:2      | Found a shadowy altar of Dithmenos.
  1601 | D:3      | Reached XP level 4. HP: 39/40 MP: 4/4
  1766 | D:3      | Gained mutation: You are weak. (Str -2) [potion of mutation]
  1766 | D:3      | Gained mutation: You have sharp toenails. [potion of mutation]
  1766 | D:3      | Gained mutation: You are resistant to electric shocks. (rElec) [potion of mutation]
  1767 | D:3      | HP: 2/41 [killer bee (2)]
  1767 | D:3      | Slain by a killer bee

Vault maps used:
D:1:      ldierk_walled_garden_2
D:2:      first_bread, grunt_dithmenos_smoke_and_mirrors
D:3:      kennysheep_okawaru_gauntlet, kennysheep_crisscross

Skill      XL: |  1  2  3 |
---------------+----------+-----
Fighting       | 4 |  4.4
Axes           | 3 |  3.1
Dodging        | |  2.6
Shields        | |  3.6

Action                   |  1- 3 |  4- 6 || total
-------------------------+-------+-------++-------
Melee: War axe           |   123 |    44 ||   167
       Tailslap          |    11 |     4 ||    15
  Use: Scroll            |       |     3 ||     3
       Potion            |       |     2 ||     2
 Stab: Sleeping          |     1 |       ||     1
  Eat: Bread ration      |     1 |       ||     1
       Chunk             |     1 |       ||     1
Armor: Skin              |    44 |    28 ||    72
Dodge: Dodged            |    52 |    39 ||    91
Block: Shield            |    55 |    39 ||    94
